 Dungeon Crawl Stone Soup version 0.17-a0-1646-geb1493d (webtiles) character file.

67 urechis the Magician (level 4, 0/24 HPs)
             Began as a Gargoyle Wizard on Aug 11, 2015.
             Slain by a worm (8 damage)
             ... on level 2 of the Dungeon.
             The game lasted 00:02:55 (1852 turns).

urechis the Magician (Gargoyle Wizard)              Turns: 1852, Time: 00:02:55

Health: 0/24       AC:  5    Str: 11    XL:     4   Next: 18%
Magic:  10/10      EV: 11    Int: 19    God:
Gold:   98         SH:  0    Dex:  8    Spells: 1 memorised, 10 levels left

rFire  . . .     SeeInvis .     m - +2 short sword (holy)
rCold  . . .     Clarity  .     a - +0 robe
rNeg   + . .     SustAt   .     (no shield)
rPois  ∞         Gourm    .     b - +0 hat
rElec  +         Spirit   .     (no cloak)
rCorr  .         Warding  .     (no gloves)
rMut   .         Stasis   .     (no boots)
MR     .....                    (no amulet)
Stlth  ++........               (no ring)
                                (no ring)

@: not resistant to hostile enchantments, unstealthy
A: negative energy resistance 1, electricity resistance, unbreathing,
petrification resistance, rot immunity, AC +3
a: no special abilities


You were on level 2 of the Dungeon.
You were hungry.

You visited 1 branch of the dungeon, and saw 2 of its levels.

You collected 98 gold pieces.

Inventory:

Hand weapons
 m - a +2 short sword of holy wrath (weapon)
Armour
 a - a +0 robe (worn)
 b - a +0 hat (worn)
Scrolls
 e - a scroll of teleportation {unknown}
 h - a scroll of fog {unknown}
 i - 2 scrolls of amnesia {unknown}
 o - a scroll of remove curse {unknown}
Potions
 j - 3 potions of curing {unknown}
 k - a potion of flight {unknown}
 l - a potion of heal wounds {unknown}
 p - a potion of degeneration {unknown}
Books
 c - a book of Minor Magic

   Spells                             Type                      Level
   a - Magic Dart                     Conjuration                  1
   b - Blink                          Translocation                2
   c - Call Imp                       Summoning                    2
   d - Repel Missiles                 Charms/Air                   2
   e - Slow                           Hexes                        2
   f - Conjure Flame                  Conjuration/Fire             3
   g - Mephitic Cloud                 Conjuration/Poison/Air       3
Comestibles
 d - 3 bread rations
 f - 2 fruits
 g - 2 beef jerkies
 n - a meat ration


   Skills:
 - Level 1.5 Dodging
 - Level 2.1 Stealth
 + Level 4.0 Spellcasting
 + Level 2.7 Conjurations
   Level 0.8 Summonings
   Level 0.8 Translocations


You had 10 spell levels left.
You knew the following spells:

 Your Spells              Type           Power        Failure   Level  Hunger
a - Magic Dart            Conj           ##..         6%          1    None


Dungeon Overview and Level Annotations

Branches:
Dungeon (2/15)

Altars:


Innate Abilities, Weirdness & Mutations

You are resistant to torment.
Your stone body is resilient (AC +3).
You are immune to poison.
You resist negative energy.
You are resistant to electric shocks.
You can survive without breathing.
You are immune to petrification.
You are immune to rotting.


Message History

No target in view!
Things that are here:
a hand axe; a chain mail A worm comes into view.
Found a stone staircase leading down.
Found a robe and 25 bolts.
A rat comes into view.
You hit the worm.
The worm is moderately wounded.
The worm bites you.
You hit the worm.
The worm is heavily wounded.
The rat twitches its whiskers.
You barely miss the worm.
The worm is heavily wounded.
The rat bites you but does no damage. The worm bites you!
You puncture the worm!
The worm is almost dead.
The rat misses you. The worm bites you!
You die...

##.. ###...
.....
##[#(#
###....
.....### .
#.rw..#
#..###.@#
#......##
#####...#
##.#..#
###..##..#
#...## #.#
##.### .#
####..# #
..# ..
###....####
#.###.#


You could see a worm and a rat.

Vanquished Creatures
  Terence (D:2)
  A worm (D:1)
  A giant gecko (D:1)
  A giant cockroach (D:2)
  7 hobgoblins
  8 jackals
  3 kobolds (D:1)
  A ball python (D:1)
  4 bats
  2 giant newts
  4 goblins (D:1)
  4 rats (D:1)
37 creatures vanquished.

Notes
Turn   | Place    | Note
--------------------------------------------------------------
     0 | D:1      | urechis the Gargoyle Wizard began the quest for the Orb.
     0 | D:1      | Reached XP level 1. HP: 10/10 MP: 4/4
   235 | D:1      | Reached XP level 2. HP: 12/15 MP: 0/6
  1006 | D:1      | Reached XP level 3. HP: 10/19 MP: 8/8
  1553 | D:2      | Noticed Terence
  1650 | D:2      | Killed Terence
  1650 | D:2      | Reached skill level 4 in Spellcasting
  1650 | D:2      | Reached XP level 4. HP: 3/24 MP: 0/10
  1852 | D:2      | Slain by a worm

Vault maps used:
D:1:      dpeg_arrival_orchard
D:2:      nicolae_overflow_hidden_temple, uniq_terence

Action                   |  1- 3 |  4- 6 || total
-------------------------+-------+-------++-------
Melee: Unarmed           |    26 |       ||    26
       Short sword       |    83 |     4 ||    87
 Cast: Magic Dart        |    68 |       ||    68
 Stab: Sleeping          |     1 |       ||     1
  Eat: Chunk             |     2 |       ||     2
